 Dungeon Crawl Stone Soup version bcrawl-1.21.3-1-g0d72ed7573 (webtiles) character file.

Game seed: 487849068432995581

13808 Fukker the Markscentaur (level 11, -3/92 HPs)
             Began as a Centaur Archaeologist on Apr 14, 2020.
             Was a High Priest of Okawaru.
             Shot themself with an arrow (4 damage)
             ... on level 10 of the Dungeon on Apr 15, 2020.
             The game lasted 00:43:06 (13914 turns).

Fukker the Markscentaur (Centaur Archaeologist)    Turns: 13914, Time: 00:43:06

Health: -3/92      AC: 14    Str: 18    XL:     11   Next: 80%
Magic:  13/14      EV: 11    Int: 13    God:    Okawaru [*****.]
Gold:   759        SH:  0    Dex:  7    Spells: 10/10 levels left

rFire    + + .     SeeInvis .   W - +2 longbow (velocity)
rCold    . . .     Gourm    .   (shield currently unavailable)
rNeg     . . .     Faith    .   V - +0 troll leather armour
rPois    +         Spirit   .   c - +2 hat
rElec    .         Reflect  .   I - +0 cloak
rCorr    +         Harm     .   E - +2 pair of gloves
MR       .....                  (no barding)
Stlth    ++........             x - amulet of regeneration
HPRegen  1.05/turn              f - ring "Ethreit" {rF++ rCorr}
MPRegen  0.14/turn              G - ring of poison resistance

@: heroism, studying Unarmed Combat, very quick
A: large, hooves 3, deformed body, speed 2, tough skin 3
a: Heroism, Finesse, Renounce Religion


You were on level 10 of the Dungeon.
You worshipped Okawaru.
Okawaru was extremely pleased with you.
You were not hungry.

You visited 2 branches of the dungeon, and saw 11 of its levels.

You collected 759 gold pieces.

Inventory:

Hand Weapons
 o - a +3 quarterstaff of protection
 F - a +0 blowgun
 U - a +1 short sword of draining
 W - a +2 longbow of velocity (weapon)
 Z - a +1 vampiric demon trident
Missiles
 m - 2083 stones
 p - 192 poisoned needles
 A - 1686 arrows (quivered)
 N - 172 javelins
 P - 13 curare-tipped needles
 T - 72 tomahawks
Armour
 c - a +2 hat (worn)
 E - a +2 pair of gloves (worn)
 I - a +0 cloak (worn)
 V - a +0 troll leather armour (worn)
Magical Staves
 y - an uncursed staff of fire {unknown}
Jewellery
 f - the ring "Ethreit" (left hand) {rF++ rCorr}
   (You acquired it on level 3 of the Dungeon)

   [ring of resist corrosion]

   It greatly protects you from fire.
   It provides partial protection from all sources of acid and corrosion.
 t - an uncursed amulet of guardian spirit
 u - an uncursed ring of ice
 v - an uncursed ring of flight
 x - an amulet of regeneration (around neck)
 G - a ring of poison resistance (right hand)
 M - an uncursed amulet of the gourmand
 O - an uncursed amulet of rage
Wands
 b - a wand of flame (7)
Scrolls
 d - a scroll of summoning {unknown}
 g - 4 scrolls of magic mapping
 j - a scroll of teleportation
 k - 2 scrolls of amnesia
 r - 2 scrolls of enchant armour
 s - 5 scrolls of enchant weapon
 w - 8 scrolls of remove curse
 B - 2 scrolls of fog
 H - 2 scrolls of immolation
 R - 3 scrolls of identify
Potions
 a - a potion of magic {unknown}
 h - a potion of might
 i - 2 potions of lignification
 n - 5 potions of heal wounds
 q - 2 potions of brilliance
 z - 2 potions of mutation
 C - 2 potions of resistance
 D - a potion of invisibility
 J - a potion of haste
 K - 2 potions of agility
 L - 4 potions of curing
 S - a potion of degeneration {unknown}
 X - 2 potions of flight {unknown}
Books
 Q - a manual of Unarmed Combat
Comestibles
 e - 16 rations {!d}


   Skills:
 + Level 7.3(12.3) Fighting
 + Level 0.3(5.3) Short Blades
   Level 0.9(7.5) Maces & Flails
 - Level 5.0(10.6) Polearms
 - Level 3.7(10.0) Staves
 * Level 15.3(20.3) Bows
 - Level 1.0(6.0) Throwing
 + Level 6.8(11.8) Armour
 - Level 2.1(7.1) Dodging
 - Level 2.0(7.0) Stealth
 + Level 0.3(5.3) Unarmed Combat
 - Level 4.1 Invocations
 * Level 2.6 Evocations


You had 10 spell levels left.
You didn't know any spells.
Your spell library contained the following spells:

 Spells                   Type           Power        Failure   Level  Hunger
 Confuse                  Hex            #.......     71%         3    ####...
 Dazzling Spray           Conj/Hex       #.....       71%         3    ####...
 Ice Form                 Ice/Tmut       #.......     98%         4    #####..
 Petrify                  Tmut/Erth      #.......     98%         4    #####..
 Yara's Violent Unravell  Hex/Tmut       #.........   98%         4    #####..
 Metabolic Englaciation   Hex/Ice        #.........   100%        5    ######.
 Bolt of Cold             Conj/Ice       #.........   100%        6    #######
 Freezing Cloud           Ice/Air        #.........   100%        6    #######
 Ozocubu's Refrigeration  Ice            #.........   100%        6    #######
 Simulacrum               Ice/Necr       #.........   100%        6    #######
 Mana Rupture             Conj/Hex       #.........   100%        7    #######


Dungeon Overview and Level Annotations

Branches:
Dungeon (10/12)            Temple (1/1) D:4            Lair (0/6) D:8
    Orc: D:8-11

Altars:
Cheibriados
Dithmenos
Hepliaklqana
Kikubaaqudgha
Lugonu
Nemelex Xobeh
Okawaru
Sif Muna
Uskayaw
Xom
Zin

Shops:
D:9 =

Annotations:
D:8 2 runed translucent doors, Quickbrownfox's ghost, novice GrAc


Innate Abilities, Weirdness & Mutations

You have hooves in place of feet.
Armour fits poorly on your strangely shaped body.
You cover ground very quickly.
You have extremely tough skin. (AC +3)


Message History

You are too injured to fight recklessly!
Firing (i - inventory. (/) - cycle)
A - 1688 arrows (quivered)
Press: ? - help, Shift-Dir - straight line, f/p - tengu warrior
Aim: a tengu warrior, wielding a +3 long sword, wearing a +0 ring mail, wearing a +2 buckler of reflection and carrying a wand of iceblast (1) (lightly wounded)
You shoot an arrow.
The tengu warrior reflects the arrow off its +2 buckler of reflection!
The arrow hits you!
Firing (i - inventory. (/) - cycle)
A - 1687 arrows (quivered)
Press: ? - help, Shift-Dir - straight line, f/p - tengu warrior
Aim: a tengu warrior, wielding a +3 long sword, wearing a +0 ring mail, wearing a +2 buckler of reflection and carrying a wand of iceblast (1) (lightly wounded)
You shoot an arrow. The arrow hits the tengu warrior!!
The tengu warrior is severely wounded.
Firing (i - inventory. (/) - cycle)
A - 1686 arrows (quivered)
Press: ? - help, Shift-Dir - straight line, f/p - tengu warrior
Aim: a tengu warrior, wielding a +3 long sword, wearing a +0 ring mail, wearing a +2 buckler of reflection and carrying a wand of iceblast (1) (severely wounded)
You shoot an arrow.
The tengu warrior reflects the arrow off its +2 buckler of reflection!
The arrow hits you!!
* * * LOW HITPOINT WARNING * * *
You die...

.#'##.....#...........#.....#
.#..#.....#..#####..###.....#####
##..+.....#..#...'..#............
....#.....#..#...#.##............
....#.....#..#...#.#.............
....#.....#..###'#.#.............
....#.....#........#.............
.####.....#........#.............
.#........#.....@..'.............
.#........#.....)..#.............
.#........#.....Q..#............#
##........#........#...........)#
#.........###....###............#
#...........#....#.......######รท#
#........####....#.......# #.#
#........#.......#.......# #.#
#........#.......#.......# #.#


You could see a tengu warrior.

Vanquished Creatures
  Fannar (D:10)
  A two-headed ogre (D:8)
  Urug (D:10)
  A tengu warrior (D:10)
  Sonja (D:10)
  Pikel (D:6)
  An ugly thing (D:7)
  Joseph (D:8)
  Maurice (D:10)
  3 trolls
  A hornet (D:10)
  2 hippogriffs
  Sigmund (D:6)
  A spriggan (D:8)
  A wyvern (D:8)
  A vampire (D:9)
  13 yaks
  A vampire mosquito (D:9)
  An acid dragon (D:10)
  A water moccasin (D:7)
  2 black bears
  6 ice beasts
  An orc warrior (D:7)
  4 sky beasts
  A slave (D:6)
  3 ogres
  2 necrophages
  3 centaurs
  8 bullfrogs
  A wyvern skeleton (D:9)
  2 scorpions
  3 killer bees (D:9)
  3 wights (D:7)
  2 vampire bats (D:8)
  5 crimson imps
  2 jellies
  2 centaur zombies
  2 hounds
  2 bullfrog skeletons
  A quasit (D:8)
  7 orc priests
  12 orc wizards
  3 centaur skeletons
  An iguana (D:5)
  6 worker ants
  A hound zombie (D:6)
  A worker ant zombie (D:9)
  4 gnolls (D:9)
  10 adders
  A howler monkey skeleton (D:5)
  2 shadow imps
  2 oozes
  An adder zombie (D:7)
  4 worms
  2 dart slugs
  3 leopard geckos
  23 orcs
  7 bats
  3 bat skeletons (D:8)
  2 bat zombies (D:8)
  5 giant cockroaches
  8 goblins
  9 hobgoblins
  3 jackals (D:1)
  A quokka (D:4)
  3 ball pythons
  7 frilled lizards
  10 kobolds
  A quokka zombie (D:5)
  5 rats
237 creatures vanquished.

Vanquished Creatures (others)
  A centaur (D:6)
1 creature vanquished.

Grand Total: 238 creatures vanquished

Notes
Turn   | Place    | Note
-------+----------+-------------------------------------------
     0 | D:1      | Fukker the Centaur Archaeologist began the quest for the
                  | Orb.
     0 | D:1      | Reached XP level 1. HP: 16/16 MP: 1/1
   119 | D:1      | Reached skill level 1 in Polearms
   172 | D:1      | Reached XP level 2. HP: 18/23 MP: 2/2
   565 | D:1      | Reached XP level 3. HP: 27/28 MP: 3/3
  1674 | D:2      | Reached XP level 4. HP: 34/35 MP: 4/4
  2617 | D:3      | Found a faded altar of an unknown god.
  2815 | D:3      | Reached XP level 5. HP: 27/40 MP: 5/5
  2815 | D:3      | Identified a scroll of acquirement
  2834 | D:3      | Identified the ring "Ethreit" {rF++ rCorr} (You acquired it
                  | on level 3 of the Dungeon)
  3567 | D:4      | Found a staircase to the Ecumenical Temple.
  3577 | Temple   | Entered the Ecumenical Temple
  3598 | Temple   | Became a worshipper of Warmaster Okawaru
  3802 | D:4      | Found a glowing silver altar of Zin.
  3952 | D:4      | Reached skill level 5 in Polearms
  4103 | D:4      | Reached skill level 1 in Armour
  4205 | D:5      | Entered Level 5 of the Dungeon
  4237 | D:5      | Noticed a necrophage
  4257 | D:5      | Killed a necrophage
  4257 | D:5      | Reached XP level 6. HP: 41/46 MP: 6/6
  4324 | D:5      | Noticed a sky beast
  4382 | D:5      | Killed a sky beast
  4382 | D:5      | Reached * piety under Okawaru
  4403 | D:5      | Reached XP level 7. HP: 15/52 MP: 6/7
  5119 | D:5      | Reached ** piety under Okawaru
  5409 | D:5      | Reached skill level 1 in Invocations
  5768 | D:5      | Reached XP level 8. HP: 46/62 MP: 9/9
  6519 | D:6      | Noticed Sigmund
  6589 | D:6      | Killed Sigmund
  6589 | D:6      | Reached skill level 5 in Armour
  6974 | D:6      | Noticed Pikel
  7008 | D:6      | Killed Pikel
  7008 | D:6      | Reached *** piety under Okawaru
  7060 | D:6      | Reached skill level 5 in Fighting
  7060 | D:6      | Reached XP level 9. HP: 64/73 MP: 12/12
  7271 | D:6      | Reached skill level 1 in Throwing
  7298 | D:6      | Found a snail-covered altar of Cheibriados.
  7359 | D:6      | Reached skill level 1 in Bows
  7519 | D:7      | Found a sparkling altar of Nemelex Xobeh.
  7535 | D:7      | Reached skill level 4 in Bows
  7739 | D:7      | Reached skill level 5 in Bows
  7832 | D:7      | Reached skill level 6 in Bows
  8065 | D:7      | Reached skill level 7 in Bows
  8464 | D:7      | Noticed a cyan ugly thing
  8514 | D:7      | Killed a cyan ugly thing
  8514 | D:7      | Reached skill level 9 in Bows
  8799 | D:7      | Reached **** piety under Okawaru
  9002 | D:7      | Reached skill level 10 in Bows
  9322 | D:8      | Found a large runed translucent door.
  9323 | D:8      | Found a large runed translucent door.
  9328 | D:8      | Noticed Quickbrownfox's ghost (novice GrAc)
  9370 | D:8      | Noticed a troll
  9399 | D:8      | Killed a troll
  9399 | D:8      | Reached XP level 10. HP: 55/80 MP: 8/13
  9575 | D:8      | Received a gift from Okawaru
  9575 | D:8      | Reached skill level 11 in Bows
  9624 | D:8      | Found a corrupted altar of Lugonu.
 10247 | D:8      | Found a shadowy altar of Dithmenos.
 10263 | D:8      | Received a gift from Okawaru
 10323 | D:8      | Found a staircase to the Lair.
 10359 | D:8      | Noticed Joseph
 10378 | D:8      | Killed Joseph
 10378 | D:8      | Reached skill level 12 in Bows
 10552 | D:8      | Found an ancient bone altar of Kikubaaqudgha.
 10925 | D:9      | Found Taliv's Jewellery Shoppe.
 10972 | D:9      | Reached skill level 13 in Bows
 11212 | D:9      | Reached ***** piety under Okawaru
 11212 | D:9      | Reached skill level 14 in Bows
 11529 | D:9      | Noticed a two-headed ogre
 11547 | D:8      | Reached skill level 1 in Staves
 11651 | D:8      | Killed a two-headed ogre
 11907 | D:8      | Reached XP level 11. HP: 67/88 MP: 11/14
 12375 | D:9      | Found a hide-covered altar of Uskayaw.
 13049 | D:10     | Entered Level 10 of the Dungeon
 13168 | D:10     | Received a gift from Okawaru
 13168 | D:10     | Reached skill level 1 in Evocations
 13274 | D:10     | Noticed Urug
 13339 | D:10     | Killed Urug
 13452 | D:10     | Noticed Maurice
 13470 | D:10     | Killed Maurice
 13521 | D:10     | Noticed Fannar
 13546 | D:10     | Killed Fannar
 13546 | D:10     | Received a gift from Okawaru
 13601 | D:10     | Noticed Sonja
 13609 | D:10     | Killed Sonja
 13618 | D:10     | Reached skill level 15 in Bows
 13812 | D:10     | Noticed a tengu warrior
 13821 | D:10     | Noticed a tengu warrior
 13910 | D:10     | Killed a tengu warrior
 13914 | D:10     | HP: 1/92 [suicidal targeting (33)]
 13914 | D:10     | Shot themself with an arrow

Skill      XL: |  1  2  3  4  5  6  7  8  9 10 11 |
---------------+----------------------------------+-----
Polearms       | 1 2 3 4 5 |  5.0
Armour         | 1 3 4 5 6 |  6.8
Fighting       | 3 5 7 |  7.3
Invocations    | 2 4 |  4.1
Throwing       | 1 |  1.0
Bows           | 10 14 15 | 15.3
Staves         | 2 3 |  3.7
Evocations     | 2 |  2.6
Short Blades   | |  0.3
Maces & Flails | |  0.9
Dodging        | |  2.1
Stealth        | |  2.0
Unarmed Combat | |  0.3

Action                   |  1- 3 |  4- 6 |  7- 9 | 10-12 || total
-------------------------+-------+-------+-------+-------++-------
Melee: Spear             |   222 |   248 |   340 |       ||   810
       Kick              |    18 |    29 |    67 |    46 ||   160
       Punch             |       |       |     3 |       ||     3
       Whip              |       |       |    56 |   113 ||   169
       Short sword       |       |       |       |    36 ||    36
       Quarterstaff      |       |       |       |   100 ||   100
 Fire: Shortbow          |       |       |   145 |   299 ||   444
       Longbow           |       |       |       |   122 ||   122
Throw: Stone             |       |     7 |     6 |       ||    13
       Javelin           |       |       |     9 |    15 ||    24
Invok: Heroism           |       |       |    12 |    22 ||    34
  Use: Scroll            |     4 |     8 |     5 |     3 ||    20
       Potion            |       |     1 |     2 |     2 ||     5
 Stab: Sleeping          |     2 |       |       |       ||     2
  Eat: Chunk             |     2 |     6 |     9 |     8 ||    25
       Ration            |       |       |     2 |     1 ||     3
Armor: Robe              |    61 |       |       |       ||    61
       Chain mail        |     6 |    98 |   184 |   259 ||   547
       Skin              |       |    27 |    14 |       ||    41
       Troll leather arm |       |       |       |    23 ||    23
       Plate armour      |       |       |       |     3 ||     3
Dodge: Dodged            |    82 |    27 |    93 |   123 ||   325
